 Dungeon Crawl Stone Soup version 0.32-a0-41-gec2d92a32c (webtiles) character file.

Game seed: 6801667197571818426

500 Newt the Ducker (level 7, -4/54 HPs)
             Began as a Merfolk Gladiator on Jan 25, 2024.
             Slain by a gnoll bouda
             ... wielding a +0 club
              (7 damage)
             ... on level 4 of the Dungeon.
             The game lasted 00:04:23 (4535 turns).

Newt the Ducker (Merfolk Gladiator)                 Turns: 4535, Time: 00:04:23

Health: -4/54      AC:  3    Str: 16    XL:     7   Next: 16%
Magic:  7/7        EV: 15    Int:  7    God:
Gold:   190        SH:  0    Dex: 16    Spells: 6/6 levels left

rFire   . . .        n - +1 demon blade (flame)
rCold   . . .        (no shield)
rNeg    + . .        b - +0 leather armour
rPois   .            (helmet restricted)
rElec   .            (no cloak)
rCorr   .            (no gloves)
SInv    .            (no boots)
Will    +....        (no amulet)
Stlth   +            h - ring of flight
HPRegen 0.29/turn    g - ring of positive energy
MPRegen 0.10/turn

%: no passive effects
@: weakened, enlightened, flying
A: (nimble swimmer 2), mertail, antennae 1, MP-powered wands
a: no special abilities


You were on level 4 of the Dungeon.
You visited 1 branch of the dungeon, and saw 5 of its levels.

You collected 190 gold pieces.

Inventory:

Hand Weapons
 a - a +0 trident of chaos
 n - a +1 demon blade of flaming (weapon)
Missiles
 d - a throwing net (quivered)
Armour
 b - a +0 leather armour (worn)
 c - a +0 helmet
Jewellery
 g - a ring of positive energy (right hand)
 h - a ring of flight (left hand)
Scrolls
 j - a scroll of revelation
Potions
 i - a potion of haste
 k - a potion of lignification
 m - a potion of brilliance


   Skills:
 + Level 4.1 Fighting
 * Level 4.5 Long Blades
 - Level 5.3 Polearms
 - Level 2.0 Throwing
 - Level 7.0 Dodging


You had 6 spell levels left.
You didn't know any spells.
Your spell library contained the following spells:

 Spells                   Type           Power      Damage    Failure   Level
 Ensorcelled Hibernation  Hex/Ice        0%         N/A       65%         2
 Fugue of the Fallen      Necr           0%         N/A       86%         3
 Anguish                  Hex/Necr       0%         N/A       99%         4


Dungeon Overview and Level Annotations

Branches:
Dungeon (5/15)
 Temple: D:4-7

Altars:
Uskayaw


Innate Abilities, Weirdness & Mutations

((You are very nimble when in or above water. (Stealth+, EV+, Speed+++)))
Your lower body shifts to a powerful aquatic tail in water.
You have a pair of small antennae on your head.
You expend magic power (3 MP) to strengthen your wands.


Message History

The gnoll picks up the pace!
The gnoll completely misses you.
The gnoll bouda gazes fiercely through you!
You feel as though you will be weak longer.
The gnoll bouda misses you.
You hit the gnoll bouda. You burn the gnoll bouda.
The gnoll bouda is heavily wounded.
The gnoll closely misses you.
The gnoll bouda hits you with a +0 club.
Unknown command.
You hit the gnoll bouda. You burn the gnoll bouda.
The gnoll bouda is severely wounded.
The gnoll hits you from afar with a +0 spear.
The gnoll bouda hits you with a +0 club.
Unknown command.
You barely miss the gnoll bouda.
The gnoll bouda is severely wounded.
The gnoll hits you but does no damage. The gnoll bouda barely misses you.
Unknown command.
You completely miss the gnoll bouda.
The gnoll bouda is severely wounded.
The gnoll closely misses you. The gnoll bouda barely misses you.
Unknown command.
You hit the gnoll bouda. You burn the gnoll bouda.
The gnoll bouda is almost dead.
The gnoll hits you from afar with a +0 spear!
* * * LOW HITPOINT WARNING * * *
The gnoll bouda hits you with a +0 club!
* * * LOW HITPOINT WARNING * * *
The gnoll misses you.
It was a potion of mutation.
You feel extremely strange. A pair of antennae grows on your head!
Your +0 helmet falls away!
You feel your magical essence link to the dungeon's wands.
The gnoll bouda calls upon its god to heal the gnoll.
The gnoll's wounds heal themselves!
The gnoll barely misses you.
It was a potion of enlightenment.
You feel more buoyant.
The gnoll bouda hits you with a +0 club!
You die...

#....[#.##..............
#......(#####...........
##.....#.#####........###
#.....................#
#......#..###.........#
#....g..g.#...........###
##<...g#g##.######.......
#g#.#.#g##.############.
######)#...#@##.#.....# ##
#......#####.##.#.....#######
#........# #..#...........##.
#......#.####.###.........##.
####....).#...##......###....##.
#.........###.####......'....##.
#.....[.###...#####.###.#.)..###
#.......# #.#.......# #.........
#.......###.#.####### #......###


You could see a gnoll bouda and 2 gnolls.

Vanquished Creatures
  Pargi (D:3)
  A black bear (D:4)
  A howler monkey (D:4)
  A bombardier beetle (D:4)
  A hound (D:4)
  An orc priest (D:4)
  2 orc wizards
  A gnoll (D:4)
  4 adders
  A ribbon worm (D:2)
  3 dart slugs
  14 orcs
  5 ball pythons
  6 endoplasms
  4 giant cockroaches
  8 goblins
  4 hobgoblins
  3 jackals (D:2)
  2 quokkas (D:1)
  3 bats
  A frilled lizard (D:1)
  6 kobolds
  4 rats
77 creatures vanquished.

Notes
Turn   | Place    | Note
-------+----------+-------------------------------------------
     0 | D:1      | Newt the Merfolk Gladiator began the quest for the Orb.
     0 | D:1      | Reached XP level 1. HP: 16/16 MP: 1/1
   145 | D:1      | Reached XP level 2. HP: 19/23 MP: 2/2
   392 | D:1      | Found a faded altar of an unknown god.
   647 | D:1      | Reached XP level 3. HP: 24/28 MP: 3/3
  1397 | D:2      | Reached skill level 5 in Dodging
  1464 | D:2      | Reached skill level 5 in Polearms
  1811 | D:2      | Reached XP level 4. HP: 12/34 MP: 4/4
  2325 | D:3      | Noticed Pargi
  2353 | D:3      | Killed Pargi
  2354 | D:3      | Reached skill level 6 in Dodging
  2354 | D:3      | Reached XP level 5. HP: 20/41 MP: 5/5
  2837 | D:3      | Noticed a +0 falchion
  2837 | D:3      | Noticed a +0 dagger
  2837 | D:3      | Noticed a +0 falchion
  2838 | D:3      | Noticed a +0 short sword
  2838 | D:3      | Noticed a +0 spear
  2838 | D:3      | Noticed a +0 short sword
  2838 | D:3      | Noticed a +0 spear
  2838 | D:3      | Noticed a +0 dagger
  2843 | D:3      | Found a hide-covered altar of Uskayaw.
  3397 | D:4      | Reached XP level 6. HP: 39/47 MP: 6/6
  3818 | D:4      | Noticed a black bear
  3829 | D:4      | Killed a black bear
  4086 | D:4      | Reached skill level 7 in Dodging
  4091 | D:5      | Entered Level 5 of the Dungeon
  4097 | D:5      | Reached XP level 7. HP: 24/53 MP: 7/7
  4533 | D:4      | HP: 2/54 [gnoll bouda/+0 club (12)]
  4534 | D:4      | Gained mutation: You have a pair of small antennae on your
                  | head. [potion of mutation]
  4534 | D:4      | Gained mutation: You expend magic power (3 MP) to
                  | strengthen your wands. [potion of mutation]
  4535 | D:4      | Slain by a gnoll bouda

Illustrated notes

Levels and vault maps discovered:
D:1:      dpeg_arrival_boxes_within_box, layout_loops_cross,
          shapermc_ecumenical_altar_starsandcircs
D:2:      layout_basic
D:3:      layout_basic, nicolae_uskayaw_en_pointe, uniq_pargi
D:4:      layout_basic
D:5:      layout_basic, mainiacjoe_overflow_boulevard, minmay_circle_x

Skill      XL: |  1  2  3  4  5  6  7 |
---------------+----------------------+-----
Dodging        | 5 6 7 |  7.0
Polearms       | 5 |  5.3
Fighting       | 3 4 |  4.1
Long Blades    | 2 4 |  4.5
Throwing       | |  2.0

Action                     |  1- 3 |  4- 6 |  7- 9 || total
---------------------------+-------+-------+-------++-------
  Melee: Trident           |   140 |    79 |       ||   219
         Punch             |     2 |       |       ||     2
         Demon blade       |       |    66 |    33 ||    99
  Throw: Throwing net      |       |     2 |       ||     2
         Javelin           |       |       |     1 ||     1
    Use: Scroll            |     1 |     9 |       ||    10
         Potion            |       |     5 |     2 ||     7
   Stab: Distracted        |     1 |       |       ||     1
         Sleeping          |     1 |     1 |     1 ||     3
         Held in net/web   |       |     1 |       ||     1
 Armour: Leather armour    |    62 |    77 |    19 ||   158
         Skin              |       |    38 |       ||    38
  Dodge: Dodged            |    64 |   109 |    28 ||   201

Table legend: (Time is in decaauts)
 A = Elapsed time spent in this place.
 B = Non-inter-level travel time spent in this place.
 C = Inter-level travel time spent in this place.
 D = Time resting spent in this place.
 E = Time spent auto-exploring this place.
 F = Levels seen in this place.
 G = Mean time per level.
                   A        B        C        D        E       F      G
               +--------+--------+--------+--------+--------+-----+--------+
         Total |   4556 |   4515 |     41 |   1438 |   2414 |   5 |  911.2 |
       Dungeon |   4556 |   4515 |     41 |   1438 |   2414 |   5 |  911.2 |
               +--------+--------+--------+--------+--------+-----+--------+

Top non-repeatable levels by time:
     D:3: 1316 daAuts
     D:2: 1165 daAuts
     D:4: 962 daAuts
     D:1: 902 daAuts
     D:5: 208 daAuts
